 Dungeon Crawl Stone Soup version 0.30.0-10-gfe55d96785 (webtiles) character file.

Game seed: 11587032248723350015

19 LoNine the Chopper (level 2, 27/27 HPs)
             Began as a Minotaur Berserker on May 13, 2023.
             Was a Follower of Trog.
             Quit the game on level 2 of the Dungeon on May 14, 2023.
             The game lasted 00:05:41 (974 turns).

LoNine the Chopper (Minotaur Berserker)              Turns: 974, Time: 00:05:43

Health: 27/27      AC:  4    Str: 21    XL:     2   Next: 55%
Magic:  1/1        EV: 11    Int:  4    God:    Trog [*.....]
Gold:   32         SH:  0    Dex:  9    Spells: 1/1 levels left

rFire   . . .        a - +0 hand axe
rCold   . . .        (no shield)
rNeg    . . .        f - +0 leather armour
rPois   .            (helmet restricted)
rElec   .            c - scarf {+Inv}
rCorr   .            e - +0 pair of gloves
SInv    .            (no boots)
Will    .....        (no amulet)
Stlth   +            (no ring)
HPRegen 0.24/turn    (no ring)
MPRegen 0.07/turn

%: no passive effects
@: no status effects
A: horns 2, retaliatory headbutt
a: Renounce Religion, Evoke Invisibility, Berserk


You were on level 2 of the Dungeon.
You worshipped Trog.
Trog was aware of your devotion.
You visited 1 branch of the dungeon, and saw 2 of its levels.

You collected 32 gold pieces.

Inventory:

Hand Weapons
 a - a +0 hand axe (weapon)
Armour
 c - a scarf of invisibility (worn)
 e - a +0 pair of gloves (worn)
 f - a +0 leather armour (worn)
Scrolls
 b - a scroll of identify {unknown}


   Skills:
 + Level 4.0 Fighting
 + Level 4.4 Axes
 + Level 2.5 Armour
 + Level 2.2 Dodging


You had one spell level left.
You didn't know any spells.
Your spell library was empty.

Dungeon Overview and Level Annotations

Branches:
Dungeon (2/15)

Altars:


Innate Abilities, Weirdness & Mutations

You have a pair of horns on your head.
You reflexively headbutt those who attack you in melee.


Message History

Your Fighting skill increases to level 4!
You see here a +0 dagger.
b - a scroll labelled XAIMINIYRE An adder comes into view.
The adder hisses angrily.
You miss the adder. The adder bites you.
You are poisoned.
The adder poisons you!
You slash the adder! Your headbutt misses the adder.
The adder is severely wounded.
You feel sick. The adder bites you but does no damage.
You hit the adder.
The adder is almost dead.
You feel sick. The adder bites you but does no damage.
The adder barely misses you.
You barely miss the adder.
The adder is almost dead.
You feel sick. The adder bites you.
You barely miss the adder.
The adder is almost dead.
You feel sick. The adder barely misses you. You furiously retaliate!
You headbutt the adder!
You kill the adder!
Trog accepts your kill.
Save game and exit?
Okay, then.
You feel sick.
You feel sick.
You are no longer poisoned.
You start resting.
HP restored.
Saving game... please wait.
Welcome back, LoNine the Minotaur Berserker.
Trog says: Kill them all!
Press ? for a list of commands and other information.
Welcome back, LoNine the Minotaur Berserker.
Trog says: Kill them all!
Press ? for a list of commands and other information.
Unknown command.
Are you sure you want to abandon this character and quit the game? (Confirm with "yes".)

### #.# #.#.#
#.#
#.########
##########†#
#.#......
.......@..##
##..#####
##########.##
##...#
##.###.#### #
##.#..# #
##...# ##
##..# ##.
#..######..
#..........
#.######.).


There were no monsters in sight!

Vanquished Creatures
  An adder (D:2)
  2 bats
  An endoplasm (D:1)
  3 goblins
  A kobold (D:1)
  A quokka (D:2)
9 creatures vanquished.

Notes
Turn   | Place    | Note
-------+----------+-------------------------------------------
     0 | D:1      | LoNine the Minotaur Berserker began the quest for the Orb.
     0 | D:1      | Reached XP level 1. HP: 19/19 MP: 0/0
    21 | D:1      | Found a faded altar of an unknown god.
   889 | D:2      | Reached XP level 2. HP: 27/27 MP: 1/1
   974 | D:2      | Upgraded the game from 0.30.0-7-g0c4daa9e05 to
                  | 0.30.0-10-gfe55d96785
   974 | D:2      | Quit the game

Illustrated notes

Levels and vault maps discovered:
D:1:      wander_arrival_lonely_grave, layout_basic,
          hellmonk_ecumenical_altar_run_dry
D:2:      layout_loops_ring, hangedman_decor_lopped, kennysheep_generic_room_4,
          uniq_robin

Skill      XL: |  1  2 |
---------------+-------+-----
Axes           | 4 |  4.4
Fighting       | 4 |  4.0
Armour         | |  2.5
Dodging        | |  2.2

Action                     || total
---------------------------++-------
  Melee: Hand axe          ||    18
         Headbutt          ||     3
    Use: Scroll            ||     1
         Potion            ||     1
 Armour: Leather armour    ||     8
  Dodge: Dodged            ||     7
